Cogmind - Beta 10.1 @@@ ROGUE MODE // 2020.09.29 @ 02:37:13 Player: RAT Result: Destroyed by G-47 Trooper with Particle Gun Performance ------------- Evolutions (2) 1000 Regions Visited (3) 600 Robots Destroyed (25) 125 Value Destroyed (736) 736 Prototype IDs (0) 0 Alien Tech Used (0) 0 Bonus (0) 0 TOTAL SCORE: 2461 Bonus ------- None Cogmind --------- Core Integrity 0/550 Matter 184/300 Energy 100/100 System Corruption 0% Temperature Cool (9) Movement Core (50) Location -8/Materials Parts ------- > --- POWER (1) -------- (None) > --- PROPULSION (4) --- (None) > --- UTILITY (4) ------ (None) > --- WEAPON (2) ------- (None) > --- INVENTORY (4) ---- Carbon-fiber Leg Peak State ------------ > --- POWER ------------ Ion Engine > --- PROPULSION ------- Light Treads Light Treads Aluminum Leg Aluminum Leg > --- UTILITY ---------- Small Storage Unit > --- WEAPON ----------- Improved Light Cannon Mini Grenade Launcher > --- INVENTORY -------- Aluminum Leg Light EM Pulse Cannon Light Assault Rifle [Rating: 10] Favorites ----------- Power Light Ion Engine Engine Light Ion Engine Propulsion Light Treads Treads Light Treads Leg Aluminum Leg Wheel Compact Wheel Utility Small Storage Unit Storage Small Storage Unit Weapon Light Assault Rifle Energy Gun EM Pulse Gun Energy Cannon Light EM Pulse Cannon Ballistic Gun Light Assault Rifle Ballistic Cannon Improved Light Cannon Launcher Mini Grenade Launcher Build | -11 -10 -9 -8 ------- Run | Scr Mat Mat Mat Slots Evolved 4 | . . 2 2 Power . | . . . . Propulsion 2 | . . 2 . Utility 2 | . . . 2 Weapon . | . . . . Parts Attached 26 | 8 2 5 11 Power 3 | 1 1 1 . Engine 3 | 1 1 1 . Core . | . . . . Reactor . | . . . . Propulsion 12 | 3 . 4 5 Treads 6 | 2 . 4 . Leg 5 | . . . 5 Wheel 1 | 1 . . . Hover . | . . . . Flight . | . . . . Utility 1 | 1 . . . Device . | . . . . Storage 1 | 1 . . . Processor . | . . . . Hackware . | . . . . Protection . | . . . . Artifact . | . . . . Weapon 10 | 3 1 . 6 Energy Gun 1 | 1 . . . Energy Cannon 1 | . . . 1 Ballistic Gun 5 | 2 1 . 2 Ballistic Cannon 2 | . . . 2 Launcher 1 | . . . 1 Special Weapon . | . . . . Impact Weapon . | . . . . Slashing Weapon . | . . . . Piercing Weapon . | . . . . Special Melee Weapon . | . . . . Unidentified Prototypes . | . . . . Parts Lost 18 | . 2 2 14 Power 2 | . 1 . 1 Propulsion 8 | . . 1 7 Utility 1 | . . . 1 Weapon 7 | . 1 1 5 Highest Loss Streak 5 | . 1 2 5 Average Slot Usage (%) 62 | . 82 61 43 Engine 9 | . 13 11 4 Treads 19 | . 28 25 4 Leg 3 | . . . 12 Storage 11 | . 14 11 8 Energy Gun 2 | . 8 . . Ballistic Gun 11 | . 16 14 4 Ballistic Cannon 1 | . . . 4 Launcher 1 | . . . 4 Naked Turns 6 | . . . 6 Heaviest Build 14 | 11 11 10 14 Greatest Support 60 | 40 40 60 40 Greatest Overweight (x) 3 | 1 . 3 3 Average Overweight (x) . | . . . . Largest Inventory Capacity 6 | 6 6 6 6 Average Capacity 5 | 5 6 6 5 Most Carried 6 | 6 4 6 6 Average Carried 3 | 3 3 4 2 Final Capacity 6 | 6 6 6 4 Final Carried 6 | 4 3 6 1 Class Distribution -------------------- 100% | Mutant Dominant Class ---------------- Mutant | -10/Materials Mutant | -9/Materials Mutant | -8/Materials Resources | -11 -10 -9 -8 ----------- Run | Scr Mat Mat Mat Matter Collected 573 | 153 214 38 168 Remotely . | . . . . Salvage Created 709 | . 364 73 272 Parts 49 | . 28 3 18 Haulers Intercepted . | . . . . Recyclers Shooed . | . . . . Parts Field Recycled . | . . . . Retrieved Matter . | . . . . Parts Self-Destructed . | . . . . Prevented . | . . . . Kills | -11 -10 -9 -8 ------- Run | Scr Mat Mat Mat Combat Hostiles Destroyed 25 | . 13 2 10 Guns 17 | . 12 2 3 Cannons 6 | . . . 6 AOE 2 | . 1 . 1 Classes Destroyed 3 | . 2 . 1 Swarmer 9 | . 6 . 3 Grunt 15 | . 7 2 6 Sentry 1 | . . . 1 Best Kill Streak 5 | . 5 2 4 Combat Bots Only 5 | . 5 2 4 Max Kills in Single Turn 1 | . 1 1 1 Gunslinging . | . . . . Exploded 1 | . 1 . 1 Melee . | . . . . Uniques/NPCs Destroyed . | . . . . Combat | -11 -10 -9 -8 -------- Run | Scr Mat Mat Mat Damage Taken 2488 | . 449 194 1845 Core 713 | . 120 26 567 Absorbed by Shields . | . . . . Core Remaining (%) 81 | 100 52 93 . Volleys Fired 124 | . 40 19 65 Largest 2 | . 2 1 2 Hottest 59 | . 40 20 59 Shots Fired 130 | . 45 19 66 Gun 94 | . 45 19 30 Cannon 36 | . . . 36 Launcher . | . . . . Special . | . . . . Kinetic 117 | . 34 19 64 Thermal . | . . . . Explosive . | . . . . Electromagnetic 13 | . 11 . 2 Robot Hit Streak 10 | . 9 10 9 Robot Miss Streak 4 | . 2 1 4 Penetration Max . | . . . . Secondary Targets . | . . . . Shots Hit Robots 94 | . 34 17 43 Core Hits 41 | . 17 5 19 Critical Hits 1 | . . . 1 Critical Kills . | . . . . Critical Parts Destroyed 1 | . . . 1 Melee Attacks . | . . . . Impact . | . . . . Slashing . | . . . . Piercing . | . . . . Sneak Attacks . | . . . . Combat Hostiles . | . . . . Follow-up Attacks . | . . . . Damage Inflicted 1366 | . 488 147 731 Guns 783 | . 421 142 220 Cannons 511 | . . . 511 Explosions 67 | . 67 . . Melee . | . . . . Ramming 5 | . . 5 . Kinetic 1195 | . 322 142 731 Thermal 67 | . 67 . . Explosive . | . . . . Electromagnetic 99 | . 99 . . Impact . | . . . . Slashing . | . . . . Piercing . | . . . . Highest Corruption 1 | . . 1 . Average Corruption 1 | . . 1 . Corruption Purged . | . . . . Effects 2 | . . 2 . Data Loss (minor) 1 | . . 1 . Targeting Errors 1 | . . 1 . Overload Shots . | . . . . Overflow Damage . | . . . . Projectiles . | . . . . Explosions . | . . . . Melee . | . . . . Knockbacks 6 | . . . 6 Impact . | . . . . Kinetic 5 | . . . 5 Secondary 1 | . . . 1 Self-Inflicted Damage 31 | . 31 . . Shots 1 | . 1 . . Rammed 1 | . . 1 . Targets Rammed 1 | . . 1 . Kicked . | . . . . Crushed . | . . . . Highest Temperature 42 | . 42 3 14 Average Temperature 10 | . 20 3 4 Received Heat Transfer 1047 | . 144 84 819 Siege Activations . | . . . . Robots Corrupted . | . . . . Combat Hostiles . | . . . . Parts Fried . | . . . . Impact Corruptions . | . . . . Robots Melted . | . . . . Combat Hostiles . | . . . . Parts Melted . | . . . . Heat Transferred 50 | . 50 . . Parts Sabotaged . | . . . . Parts Stolen . | . . . . Parts Stripped . | . . . . Power Chain Reactions 1 | . 1 . . Missiles Intercepted . | . . . . Alert | -11 -10 -9 -8 ------- Run | Scr Mat Mat Mat Peak Influence 365 | . 365 174 289 Initial 154 | . . 154 73 Average 158 | . 157 165 189 Maximum Alert Level 1 | . 1 . 1 Low Security (%) 76 | 100 59 100 64 Level 1 23 | . 40 . 35 Level 2 . | . . . . Level 3 . | . . . . Level 4 . | . . . . Level 5 . | . . . . High Security . | . . . . Max Security . | . . . . Squads Dispatched 5 | . 3 . 2 Investigation 1 | . 1 . . Extermination . | . . . . Reinforcement 4 | . 2 . 2 Assault . | . . . . Garrison . | . . . . Intercept . | . . . . Construction Impeded . | . . . . Haulers Reinforced . | . . . . Stealth | -11 -10 -9 -8 --------- Run | Scr Mat Mat Mat Distress Signals 4 | . 1 2 1 Communications Jammed . | . . . . Distress Signals . | . . . . Times Spotted 42 | . 21 3 18 Peak Tracking Total 6 | . 6 2 5 Tactical Retreats 4 | . 2 1 1 Traps | -11 -10 -9 -8 ------- Run | Scr Mat Mat Mat Traps Triggered 4 | . 1 3 . Indirectly . | . . . . Trap Hack Attempts . | . . . . Triggered . | . . . . Disarmed . | . . . . Reprogrammed . | . . . . Reused . | . . . . Traps Extracted . | . . . . Installed . | . . . . Triggered . | . . . . Machines | -11 -10 -9 -8 ---------- Run | Scr Mat Mat Mat Machines Disabled 1 | . 1 . . Max in Single Turn 1 | . 1 . . Machines Sabotaged . | . . . . Garrisons Compromised . | . . . . Overloaded Fab Kills . | . . . . Fab Network Shutdowns . | . . . . Hacking | -11 -10 -9 -8 --------- Run | Scr Mat Mat Mat Machines Accessed . | . . . . Terminals . | . . . . Fabricators . | . . . . Repair Stations . | . . . . Recycling Units . | . . . . Scanalyzers . | . . . . Garrison Access . | . . . . Total Hacks . | . . . . Successful . | . . . . Failed . | . . . . Catastrophic . | . . . . Database Lockouts . | . . . . Manual . | . . . . Terminals . | . . . . Fabricators . | . . . . Repair Stations . | . . . . Recycling Units . | . . . . Scanalyzers . | . . . . Garrison Access . | . . . . Terminal Hacks . | . . . . Fabricator Hacks . | . . . . Repair Station Hacks . | . . . . Recycling Unit Hacks . | . . . . Scanalyzer . | . . . . Garrison Access Hacks . | . . . . Unauthorized Hacks . | . . . . Terminals . | . . . . Fabricators . | . . . . Repair Stations . | . . . . Recycling Units . | . . . . Scanalyzers . | . . . . Garrison Access . | . . . . Data Cores Recovered . | . . . . Used . | . . . . Hacking Detections . | . . . . Full Trace Events . | . . . . Feedback Events . | . . . . Feedback Blocked . | . . . . Robot Schematics Acquired . | . . . . Robots Built . | . . . . Matter . | . . . . Time . | . . . . Total Robot Build Rating . | . . . . Part Schematics Acquired . | . . . . Parts Built . | . . . . Matter . | . . . . Time . | . . . . Total Part Build Rating . | . . . . Parts Repaired . | . . . . Time . | . . . . Parts Recycled . | . . . . Recycled Matter . | . . . . Retrieved Matter . | . . . . Retrieved Components . | . . . . Parts Scanalyzed . | . . . . Part Schematics Acquired . | . . . . Parts Damaged . | . . . . Bothacking | -11 -10 -9 -8 ------------ Run | Scr Mat Mat Mat Used RIF Installer . | . . . . Robots Hacked . | . . . . Non-combat . | . . . . Combat . | . . . . Robot Hacks Applied . | . . . . Relay Couplers Released . | . . . . Robots Rewired . | . . . . Allies Hacked . | . . . . Hacks Repelled . | . . . . Allies | -11 -10 -9 -8 -------- Run | Scr Mat Mat Mat Total Allies . | . . . . Largest Group . | . . . . Highest-Rated Group . | . . . . Highest-Rated Ally . | . . . . Total Orders . | . . . . Ally Attacks . | . . . . Total Damage . | . . . . Kills . | . . . . Allies Corrupted . | . . . . Allies Melted . | . . . . Intel | -11 -10 -9 -8 ------- Run | Scr Mat Mat Mat Robot Analysis Total . | . . . . Derelict Logs Recovered . | . . . . Drone Launches . | . . . . Drone Recoveries . | . . . . Exploration | -11 -10 -9 -8 ------------- Run | Scr Mat Mat Mat Turns Passed 1087 | 76 325 348 338 Spaces Moved 460 | 53 124 181 102 Core 46 | 24 . 5 17 Treads 340 | 27 124 176 13 Legs 72 | . . . 72 Wheels 2 | 2 . . . Hover . | . . . . Flight . | . . . . Fastest Speed 50 | 50 160 160 50 Average Speed 147 | 111 160 161 124 Slowest Speed 200 | 160 160 200 200 Overloaded Moves . | . . . . Propulsion Burnouts . | . . . . Robots Hopped . | . . . . Cave-ins Triggered . | . . . . Exploration Rate (%) 21 | 3 38 25 18 Regions Visited 3 Branch Regions . Pre-discovered Areas . | . . . . Known Exits Taken . | . . . . Unknown Exits Taken 3 | 1 1 1 . Scrap Searched . | . . . . Spaces Dug . | . . . . Terrain Destroyed 3 | . 2 . 1 Melee . | . . . . Projectile 1 | . . . 1 AOE 2 | . 2 . . Terrain Rammed . | . . . . Walls Destroyed . | . . . . Machines Disabled . | . . . . Actions | -11 -10 -9 -8 --------- Run | Scr Mat Mat Mat Total 744 | 67 207 222 248 Wait 115 | . 41 8 66 Move 457 | 52 123 180 102 Hop . | . . . . Pick Up 19 | 6 1 8 4 Fast Attach 5 | 5 . . . Attach 17 | 2 2 4 9 Detach . | . . . . Swap 4 | 1 . 1 2 Drop 2 | 1 . 1 . Fire 124 | . 40 19 65 Melee . | . . . . Ram . | . . . . Kick . | . . . . Crush 1 | . . 1 . Escape Stasis . | . . . . Rewire . | . . . . Trap . | . . . . Miscellaneous . | . . . . Route ------- -11/Scrapyard -10/Materials -9/Materials -8/Materials History --------- Turn | Location | Event 12 | -11/Scrapyard | Discovered new exit (range 15) 77 | -11/Scrapyard | Entered Materials 306 | -10/Materials | Build established: Mutant 380 | -10/Materials | Discovered new exit (range 15) 402 | -10/Materials | Entered another Materials area 402 | -9/Materials | Evolved 2 slots: Propulsion x2 726 | -9/Materials | Discovered new exit (range 16) 750 | -9/Materials | Entered another Materials area 750 | -8/Materials | Evolved 2 slots: Utility x2 955 | -8/Materials | Lost 3 parts (1p1n1w) 1011 | -8/Materials | Core integrity fell below 50% 1045 | -8/Materials | Lost 4 parts (2n2w) 1073 | -8/Materials | Core integrity fell below 20% 1088 | -8/Materials | Destroyed by G-47 Trooper with Particle Gun Last Messages --------------- 01048_ U-05 Engineer lays Concrete. 01049_ K-01 Serf cleans the Fusion Modulator. 01049_ U-05 Engineer lays Concrete. 01051_ U-05 Engineer builds a Wall. 01052_ K-01 Serf cleans the Fusion Modulator. 01053_ Sml. Storage Unit destroyed. 01055_ U-05 Engineer lays Concrete. 01062_ Penetrated by Slug. 01062_ Imp. Light Cannon destroyed. 01064_ Acquired Carbon-fiber Leg. 01066_ Penetrated by Slug. 01067_ Acquired Carbon-fiber Leg. 01069_ Penetrated by Slug. 01070_ Acquired Carbon-fiber Leg. 01070_ K-01 Serf cleans the Nuclear Reactor. 01072_ Penetrated by Slug. 01073_ K-01 Serf cleans the Nuclear Reactor. 01078_ Penetrated by Slug. 01081_ Lgt. Assault Rifle destroyed. 01086_ Carbon-fiber Leg destroyed. Map ----- +----------------------------------------------------+ | ???????# # """ !#??????????????????????????????? | | ???????# # #??????????????????????????????? | | ???????# ##########??????????????????????????????? | | ???????# #???????????????????????????????????????? | | ???????# #???????????????????????????????????????? | | ???????# #???????????????????????????????????????? | | ???????# #???????????????????????????????????????? | | ?????### ###?????????????????????????????????????? | | ?????# #?????????????????????????????????????? | | ?????# #?????????????????????????????????????? | | ?????# #?????????????????????????????????????? | | ?????# #????????##+######????????????????????? | | ?????# #????????# "T" ???????????????????? | | ?????### ###????????# ???????????????????? | | ???????# #??????????# ? ?????????????????? | | ???????# #??????????+ #????+????????????? | | ???????# #??????????# #??? ???????????? | | ???????# #??????????# ! #?? ????????????? | | ?#######+###????????# h #? ??????????????? | | ?# #????????# """ # ??????????????? | | ?# ! #????????# """ + ???????????????? | | ?# #??####### """ m#?????????????????? | | ?# #??# # g #??????????????????? | | ######+#####??# """ # #??????????????????? | | ##??# """ # !== #??????????????????? | | ##### """ /g ! @ ##?????????????????? | | =%%# ## # = / #?????????????????? | | ########""""""# """ # #?????????????????? | | ?????# [[! # """ # #?????????????????? | | ????#" ! # """ ## ######+##?????????????????? | | ????#" # ## #?????? ?????????????????? | | ????#" T" ## #??????? ???????????????? | | ????#" " ## #????????"" #?????????????? | | ????#" ## #?????????" #?????????????? | | ??? # !%"##### #?????????????????????????? | | ? # "" #??# #?????????????????????????? | | ?# " " #??? #?????????????????????????? | | ??###""""""" " #???+??????????????????????????? | | ?????### ## #??????????????????????????????? | | ???????#######? ??????????????????????????????? | | ????????????????###?????????????????????????????? | | ?????????????????????????????????????????????????? | | ?????????????????????????????????????????????????? | | ?????????????????????????????????????????????????? | | ?????????????????????????????????????????????????? | | ?????????????????????????????????????????????????? | | ?????????????????????????????????????????????????? | | ?????????????????????????????????????????????????? | | ?????????????????????????????????????????????????? | | ?????????????????????????????????????????????????? | +----------------------------------------------------+ Best States ------------- Heat Dissipation 31 Energy Generation 10 Energy Capacity 250 Matter Stores 300 Matter Capacity 300 Sight Range 16 Terrain Scan Density 10 Evasion (%) 50 Recoil Reduction 3 Item Schematics ----------------- None Robot Schematics ------------------ None Fabricated ------------ Nothing Alien Tech Used ----------------- None Achievements -------------- None Challenges ------------ None Game ------ Seed BiometalBurstDevice Manual? 0 Play Time 00:17:15 Cumulative 6.0 hours Start 2020.09.29 @ 02:25:07 End 2020.09.29 @ 02:37:13 Sessions 1 Manual Loads 0 Difficulty Rogue Special Mode None Game No. 33 Rogue 33 Adventurer 0 Explorer 0 Win Type - Total 0 Types 0/0/0/0/0/0/0/0/0 Lore% 1 Gallery% 12 Achievement% 7 Wizard Run 0 Options --------- ASCII 0 Keyboard 0 Movement Mouse Keybinds 0 Fullscreen 1 Font 18/SmallcapsGlow Map View 76x50 Tactical HUD 1 Map Filters NONE Filters NONE Steam 1 RUN: b170b7a6-7257-4e18-9d52-e857c684889d